 Dungeon Crawl Stone Soup version 0.24-a0-380-g7ade4d1b3c (webtiles) character file.

Game seed: 14884609541521226695

14020 Peloso the Carver (level 11, -13/97 HPs)
             Began as a Minotaur Fighter on June 3, 2019.
             Was a High Priest of Okawaru.
             Mangled by a tyrant leech (20 damage)
             ... on level 12 of the Dungeon.
             The game lasted 00:32:19 (11419 turns).

Peloso the Carver (Minotaur Fighter)               Turns: 11419, Time: 00:32:20

Health: -13/97     AC: 21    Str: 23    XL:     11   Next: 83%
Magic:  10/10      EV:  7    Int:  2    God:    Okawaru [*****.]
Gold:   681        SH: 12    Dex: 11    Spells: 10/10 levels left

rFire    . . .     SeeInvis .   r - +4 falchion (freeze)
rCold    . . .     Gourm    +   c - +0 shield
rNeg     . . .     Faith    .   F - +0 plate armour
rPois    .         Spirit   .   t - +2 hat
rElec    .         Reflect  .   N - +1 cloak
rCorr    .         Harm     .   (no gloves)
MR       .....                  (no boots)
Stlth    ..........             J - amulet of the gourmand
HPRegen  0.26/turn              P - +2 ring of protection
MPRegen  0.12/turn              V - -3 ring of intelligence (curse)

@: no status effects
A: retaliatory headbutt, horns 2
a: Heroism, Finesse, Renounce Religion


You were on level 12 of the Dungeon.
You worshipped Okawaru.
Okawaru was extremely pleased with you.
You were very full.

You visited 2 branches of the dungeon, and saw 13 of its levels.
You also visited: Ossuary.

You collected 681 gold pieces.

Inventory:

Hand Weapons
 a - a +0 double sword
 r - a +4 falchion of freezing (weapon)
 M - the +7 whip of Joruf {freeze, rPois Str+4}
   (You found it on level 7 of the Dungeon)

   It has been specially enchanted to freeze those struck by it, causing extra
   injury to most foes and up to half again as much damage against particularly
   susceptible opponents.
   It can also slow down cold-blooded creatures.
   It affects your strength (+4).
   It protects you from poison.
Armour
 b - a +0 scale mail
 c - a +0 shield (worn)
 t - a +2 hat (worn)
 F - a +0 plate armour (worn)
 N - a +1 cloak (worn)
Jewellery
 u - an uncursed ring of positive energy
 y - an uncursed ring of positive energy
 E - a +4 ring of evasion
 J - an amulet of the gourmand (around neck)
 O - an uncursed ring of resist corrosion
 P - a +2 ring of protection (left hand)
 R - a +2 ring of dexterity
 S - a +3 ring of protection
 V - a cursed -3 ring of intelligence (right hand)
Wands
 p - a wand of paralysis (2)
 w - a wand of flame (42)
 x - a wand of disintegration (21)
 K - a wand of polymorph (13)
 T - a wand of acid (10)
Scrolls
 h - 2 scrolls of enchant weapon
 j - 10 scrolls of remove curse
 k - 2 scrolls of identify
 l - 5 scrolls of amnesia
 q - a scroll of fog
 s - 6 scrolls of teleportation
 v - 3 scrolls of enchant armour {unknown}
 z - a scroll of noise {unknown}
 B - 4 scrolls of immolation {unknown}
 C - 4 scrolls of random uselessness {unknown}
 G - a scroll of vulnerability {unknown}
 I - a scroll of torment {unknown}
 L - a scroll of fear {unknown}
 Q - 4 scrolls of magic mapping
Potions
 d - 3 potions of might
 e - 4 potions of heal wounds
 g - a potion of resistance
 i - 9 potions of curing
 m - 2 potions of cancellation
 n - a potion of brilliance
 o - 3 potions of mutation
 A - 3 potions of agility
 D - a potion of magic
 H - a potion of haste
Miscellaneous
 U - a box of beasts
 W - a lamp of fire
Comestibles
 f - 31 rations


   Skills:
 + Level 9.6 Fighting
 + Level 13.2 Long Blades
 + Level 5.8 Maces & Flails
 + Level 11.6 Armour
 + Level 2.0 Dodging
 + Level 2.4 Stealth
 + Level 10.1 Shields
 + Level 0.3 Invocations
 + Level 1.1 Evocations


You had 10 spell levels left.
You didn't know any spells.
Your spell library contained the following spells:

 Spells                   Type           Power        Failure   Level  Hunger
 Corona                   Hex            #......      100%        1    ##.....
 Ensorcelled Hibernation  Hex/Ice        #.....       100%        2    ###....
 Poisonous Vapours        Pois/Air       #.....       100%        2    ###....
 Confuse                  Hex            #.......     100%        3    ####...
 Conjure Flame            Conj/Fire      #.......     100%        3    ####...
 Dazzling Spray           Conj/Hex       #.....       100%        3    ####...
 Mephitic Cloud           Conj/Pois/Air  #.......     100%        3    ####...
 Tukima's Dance           Hex            #.......     100%        3    ####...
 Freezing Cloud           Conj/Ice/Air   #.........   100%        6    #######
 Ring of Flames           Chrm/Fire      #.........   100%        7    #######


Dungeon Overview and Level Annotations

Branches:
Dungeon (12/15)            Temple (1/1) D:7            Lair (0/6) D:8
    Orc (0/2) D:10

Altars:
Dithmenos
Hepliaklqana
Kikubaaqudgha
Makhleb
Nemelex Xobeh
Okawaru
Qazlal
Sif Muna
Uskayaw
Vehumet
Yredelemnul
Zin
The Shining One

Shops:
D:7 :   D:10 %(}


Innate Abilities, Weirdness & Mutations

You reflexively headbutt those who attack you in melee.
You have a pair of horns on your head.


Message History

The tyrant leech is lightly wounded.
The deep elf mage shouts!
You closely miss the tyrant leech. Your headbutt misses the tyrant leech.
The tyrant leech is lightly wounded.
A tyrant leech comes into view.
The tyrant leech bites you!
The tyrant leech draws strength from your injuries!
You barely miss the tyrant leech. Your headbutt misses the tyrant leech.
You barely miss the tyrant leech. You headbutt the tyrant leech.
The tyrant leech is lightly wounded.
The deep elf mage casts a spell at you.
The magic dart hits you but does no damage.
The tyrant leech bites you!!
* * * LOW HITPOINT WARNING * * *
The tyrant leech draws strength from your injuries!
You hit the tyrant leech but do no damage.
Your headbutt misses the tyrant leech.
The tyrant leech is lightly wounded.
The tyrant leech bites you!!
You die...

#..............#
#..#
...............#
...............#
#########......#####
........#..........#
........#..........#
........#..........#
........#........>.#
........#...^...@###
.......(#......ww#
......).())e.....#
.......##........≈≈
.).....#.........≈≈
....####.........≈≈
....#............≈≈
....#............≈≈≈
#
....#.............≈
≈≈≈≈≈...#


You could see 2 tyrant leeches and a deep elf mage.

Vanquished Creatures
  Harold (D:7)
  2 two-headed ogres (D:9)
  Urug (D:12)
  An unseen horror (D:10)
  Pikel (D:7)
  A torpor snail (D:12)
  A troll (D:9)
  A hippogriff (D:10)
  Prince Ribbit (D:6)
  Grinder (D:4)
  A meliai zombie (D:12)
  3 wyverns
  A water elemental (D:11)
  2 hungry ghosts
  Menkaure (D:5)
  Edmund (D:4)
  The ghost of stonage the Insei, an amateur OpTm (D:3)
  A swamp worm (D:12)
  A water moccasin (D:6)
  6 orc warriors
  3 slaves (D:7)
  An eye of draining (D:9)
  4 ice beasts
  5 sky beasts
  2 phantoms
  8 ogres
  3 black bears
  9 centaurs
  A big kobold (D:8)
  Blork the orc (D:4)
  3 bullfrogs
  3 scorpions
  8 electric eels (D:11)
  8 wights
  8 howler monkeys
  5 crimson imps
  A bullfrog zombie (D:12)
  3 centaur zombies
  3 quasits (D:3)
  Crazy Yiuf (D:7)
  3 bullfrog skeletons
  4 jellies
  A gnoll shaman (D:10)
  10 orc priests
  7 hounds
  18 orc wizards
  3 iguanas
  Natasha (thrice) (D:2)
  11 worker ants
  A big kobold zombie (Ossuary)
  2 hound zombies
  A hound skeleton (D:5)
  4 mummies (Ossuary)
  A howler monkey zombie (D:8)
  5 gnolls
  14 adders
  2 shadow imps
  2 adder zombies (D:7)
  An adder skeleton (D:7)
  3 worms
  A dart slug (D:1)
  4 leopard geckos
  52 orcs
  2 ball pythons
  4 giant cockroaches
  A gnoll zombie (Ossuary)
  8 goblins
  6 hobgoblins
  7 jackals
  9 kobolds
  5 quokkas
  6 bats
  4 frilled lizards
  A goblin zombie (Ossuary)
  2 kobold zombies (Ossuary)
  A leopard gecko zombie (D:6)
  3 orc zombies (Ossuary)
  A quokka skeleton (D:10)
  A quokka zombie (D:7)
  6 rats
329 creatures vanquished.

Vanquished Creatures (others)
  3 plants (D:12)
3 creatures vanquished.

Grand Total: 332 creatures vanquished

Notes
Turn   | Place    | Note
-------+----------+-------------------------------------------
     0 | D:1      | Peloso the Minotaur Fighter began the quest for the Orb.
     0 | D:1      | Reached XP level 1. HP: 19/19 MP: 0/0
   225 | D:1      | Reached XP level 2. HP: 22/27 MP: 1/1
   504 | D:1      | Reached skill level 3 in Long Blades
   683 | D:2      | Reached XP level 3. HP: 33/33 MP: 2/2
   936 | D:2      | Noticed Natasha
   946 | D:2      | Killed Natasha
  1034 | D:2      | Reached XP level 4. HP: 22/40 MP: 3/3
  1136 | D:2      | Noticed Natasha
  1143 | D:2      | Killed Natasha
  1233 | D:2      | Noticed Natasha
  1240 | D:2      | Killed Natasha
  1240 | D:2      | Reached skill level 4 in Long Blades
  1256 | D:2      | Found a sparkling altar of Nemelex Xobeh.
  1326 | D:3      | Found a transporter.
  1336 | D:3      | Found a transporter.
  1349 | D:3      | Reached skill level 5 in Armour
  1349 | D:3      | Reached XP level 5. HP: 46/46 MP: 4/4
  1355 | D:3      | Noticed stonage's ghost (amateur OpTm)
  1864 | D:4      | Noticed a phantom
  1886 | D:4      | Killed a phantom
  1886 | D:4      | Reached skill level 5 in Long Blades
  1886 | D:4      | Reached XP level 6. HP: 45/53 MP: 5/5
  1907 | D:4      | Noticed Edmund
  1944 | D:4      | Killed Edmund
  2167 | D:4      | Reached skill level 5 in Shields
  2329 | D:4      | Found a stormy altar of Qazlal.
  2382 | D:4      | Noticed Grinder
  2393 | D:4      | Reached skill level 5 in Fighting
  2397 | D:4      | Reached XP level 7. HP: 59/61 MP: 6/6
  2406 | D:4      | Killed Grinder
  2406 | D:4      | Reached skill level 6 in Long Blades
  2406 | D:4      | Reached skill level 1 in Dodging
  2406 | D:4      | Reached skill level 1 in Stealth
  2651 | D:4      | Noticed Blork the orc
  2880 | D:4      | Killed Blork the orc
  3331 | D:4      | Found a basalt altar of Yredelemnul.
  3336 | D:4      | Found a deep blue altar of Sif Muna.
  3477 | D:5      | Entered Level 5 of the Dungeon
  3477 | D:5      | Found a radiant altar of Vehumet.
  3620 | D:5      | Found a sand-covered staircase.
  3628 | Ossuary  | Entered an ossuary
  3879 | Ossuary  | Reached XP level 8. HP: 69/69 MP: 7/7
  3971 | D:5      | Reached skill level 7 in Long Blades
  4236 | D:5      | Noticed Menkaure
  4245 | D:5      | Killed Menkaure
  4676 | D:6      | Reached skill level 8 in Long Blades
  4780 | D:6      | Found a hazy altar of Hepliaklqana.
  4781 | D:6      | Found a burning altar of Makhleb.
  5032 | D:6      | Reached XP level 9. HP: 49/78 MP: 8/8
  5164 | D:6      | Noticed Prince Ribbit
  5266 | D:6      | Killed Prince Ribbit
  5297 | D:7      | Reached skill level 9 in Long Blades
  5330 | D:7      | Found Ceirapre's Book Emporium.
  5434 | D:7      | Got a fine whip
  5435 | D:7      | Identified the +7 whip of Joruf {freeze, rPois Str+4} (You
                  | found it on level 7 of the Dungeon)
  5453 | D:7      | Found a runed translucent door.
  5454 | D:7      | Noticed Crazy Yiuf
  5458 | D:7      | Killed Crazy Yiuf
  5569 | D:7      | Reached skill level 1 in Maces & Flails
  5591 | D:7      | Noticed Harold
  5611 | D:7      | Killed Harold
  5611 | D:7      | Reached skill level 10 in Long Blades
  5671 | D:7      | Found a staircase to the Ecumenical Temple.
  5697 | Temple   | Entered the Ecumenical Temple
  5701 | Temple   | Became a worshipper of Warmaster Okawaru
  5723 | D:7      | Noticed Pikel
  5737 | D:7      | Killed Pikel
  5737 | D:7      | Reached XP level 10. HP: 72/88 MP: 9/9
  6124 | D:8      | Reached * piety under Okawaru
  6139 | D:8      | Found a staircase to the Lair.
  6218 | D:8      | Reached skill level 5 in Maces & Flails
  6616 | D:8      | Reached ** piety under Okawaru
  7272 | D:3      | Killed stonage's ghost
  7518 | D:9      | Found a glowing golden altar of the Shining One.
  7546 | D:9      | Reached skill level 11 in Long Blades
  7713 | D:9      | Noticed a two-headed ogre
  7725 | D:9      | Killed a two-headed ogre
  7725 | D:9      | Reached skill level 10 in Armour
  7748 | D:9      | Reached *** piety under Okawaru
  7774 | D:9      | Noticed a two-headed ogre
  7784 | D:9      | Killed a two-headed ogre
  7879 | D:9      | Reached XP level 11. HP: 76/95 MP: 7/10
  7945 | D:9      | Found an ancient bone altar of Kikubaaqudgha.
  8249 | D:10     | Entered Level 10 of the Dungeon
  8321 | D:10     | Found a staircase to the Orcish Mines.
  8523 | D:10     | Killed an unseen horror
  8523 | D:10     | Reached **** piety under Okawaru
  8523 | D:10     | Reached skill level 12 in Long Blades
  8753 | D:10     | Found Yqazxauz's Antique Weapon Emporium.
  8777 | D:10     | Found Plog's Food Shop.
  9331 | D:10     | Found Xalen's Gadget Shop.
 10716 | D:12     | Noticed Urug
 10732 | D:12     | Killed Urug
 10754 | D:12     | Reached skill level 1 in Evocations
 10844 | D:12     | Reached ***** piety under Okawaru
 11153 | D:12     | Reached skill level 13 in Long Blades
 11202 | D:12     | Reached skill level 10 in Shields
 11202 | D:12     | Noticed an eight-headed hydra
 11414 | D:12     | Noticed a deep elf mage
 11419 | D:12     | Mangled by a tyrant leech

Levels and vault maps discovered:
D:1:      co_arrival_random_square_maze, layout_loops_cross,
          minmay_stone_trees_small
D:2:      layout_loops_ring, marbit_many_paths, first_ration, uniq_natasha
D:3:      layout_rooms, gammafunk_ghost_stat_death, minmay_box_of_dots
D:4:      layout_loops_corners, nicolae_qazlal_general_emergency, minitemple,
          uniq_blork_the_orc, uniq_grinder, uniq_edmund
D:5:      layout_rooms, nicolae_ossuary_entry_monument, vehumet_altar_wand_db,
          uniq_menkaure
D:6:      layout_basic, chequers_temple_overflow_statue_of_worship,
          minivault_23, uniq_prince_ribbit1
D:7:      layout_basic, temple_statues, serial_shops, nicolae_shop_stone,
          uniq_pikel, uniq_crazy_yiuf_cottage, uniq_harold
D:8:      layout_cave_pods, lair_entry_dummy, blue_anna_alchemist
          [blue_anna_fruit_fields, blue_anna_fruit_fields],
          hangedman_decor_growths, grunt_tough_drop
D:9:      layout_roguey, tso_metal_star, kennysheep_mini_moat,
          hangedman_decor_clover_reticule, minmay_misc_feat_enclosed
D:10:     layout_gridville, david_orc_2, serial_shops, shop,
          nicolae_shop_waterfront, shop
D:11:     layout_roguey, kennysheep_minor_cross, kennysheep_boxes
D:12:     layout_irregular_city, kennysheep_another_room, worms_lemuel,
          uniq_urug, uniq_erolcha
Temple:   zaba_magenta_temple

Skill      XL: |  1  2  3  4  5  6  7  8  9 10 11 |
---------------+----------------------------------+-----
Armour         | 4 5 6 8 9 10 11 | 11.6
Long Blades    | 3 4 5 6 8 10 11 13 | 13.2
Shields        | 4 5 6 7 9 10 | 10.1
Fighting       | 4 5 6 7 8 9 |  9.6
Dodging        | 1 2 |  2.0
Stealth        | 2 |  2.4
Maces & Flails | 4 5 |  5.8
Evocations     | 1 |  1.1
Invocations    | |  0.3

Action                   |  1- 3 |  4- 6 |  7- 9 | 10-12 || total
-------------------------+-------+-------+-------+-------++-------
Melee: Long sword        |    60 |   129 |   242 |   508 ||   939
       Headbutt          |    10 |    30 |    61 |   159 ||   260
       Whip              |       |       |    68 |    11 ||    79
       Falchion          |       |       |       |   108 ||   108
       Double sword      |       |       |       |    59 ||    59
Invok: Heroism           |       |       |       |     3 ||     3
Evoke: Wand              |       |     1 |     2 |    13 ||    16
  Use: Scroll            |       |       |    11 |     9 ||    20
       Potion            |       |       |     1 |     3 ||     4
 Stab: Paralysed         |       |     4 |     6 |       ||    10
  Eat: Chunk             |       |     5 |    14 |    36 ||    55
Armor: Scale mail        |    34 |     8 |       |       ||    42
       Chain mail        |       |    41 |    47 |       ||    88
       Plate armour      |       |       |    55 |   349 ||   404
Dodge: Dodged            |    14 |    30 |    60 |   179 ||   283
Block: Shield            |    27 |    49 |   124 |   342 ||   542
       Rpst.: Long sword |     4 |    13 |    17 |    32 ||    66
       Falchion          |       |       |       |     7 ||     7
       Double sword      |       |       |       |     3 ||     3

Table legend:
 A = Non-vault XP
 B = Vault XP
 C = Vault XP percentage of total XP
 D = Non-vault monster count
 E = Vault monster count
 F = Vault count percentage of total count
                 A         B        C        D         E       F
            +---------+---------+-------+---------+---------+-------
      Total |   15136 |    4893 |  24.4 |     279 |      47 |  14.4
            +---------+---------+-------+---------+---------+-------
        D:1 |      40 |       0 |   0.0 |      15 |       0 |   0.0
        D:2 |     110 |      40 |  26.7 |      17 |       2 |  10.5
        D:3 |      73 |     306 |  80.7 |      18 |       7 |  28.0
        D:4 |     441 |     520 |  54.1 |       9 |       3 |  25.0
        D:5 |     478 |     170 |  26.2 |      22 |       2 |   8.3
        D:6 |     839 |     268 |  24.2 |      18 |       1 |   5.3
        D:7 |    1142 |    1703 |  59.9 |      25 |       3 |  10.7
        D:8 |    1750 |     374 |  17.6 |      36 |       6 |  14.3
        D:9 |    3448 |       0 |   0.0 |      33 |       0 |   0.0
       D:10 |    2428 |      24 |   1.0 |      30 |       8 |  21.1
       D:11 |    1609 |       0 |   0.0 |      32 |       0 |   0.0
       D:12 |    2778 |    1379 |  33.2 |      24 |       3 |  11.1
    Ossuary |       0 |     109 | 100.0 |       0 |      12 | 100.0
            +---------+---------+-------+---------+---------+-------
